 Dungeon Crawl Stone Soup version 0.30.0-5-g1a98f26d00 (webtiles) character file.

Game seed: 18132445796599611226

1327 Gabide the Grappler (level 8, -12/58 HPs)
             Began as a Mummy Berserker on May 12, 2023.
             Was an Elder of Trog.
             Killed from afar by a steam dragon (19 damage)
             ... with a ball of steam
             ... on level 6 of the Dungeon.
             The game lasted 00:08:35 (6093 turns).

Gabide the Grappler (Mummy Berserker)               Turns: 6093, Time: 00:08:36

Health: -12/58     AC: 10    Str: 22    XL:     8   Next: 34%
Magic:  8/8        EV: 11    Int:  6    God:    Trog [****..]
Gold:   353        SH:  0    Dex: 12    Spells: 7/7 levels left

rFire   . .          .
                       - Unarmed
rCold   + . .        (no shield)
rNeg    + + +        g - +1 ring mail {rF+}
rPois   ∞            j - +2 helmet
rElec   .            (no cloak)
rCorr   .            (no gloves)
SInv    .            h - +0 pair of boots
Will    +++..        a - amulet of magic regeneration
Stlth   +            (no ring)
HPRegen 1.29/turn    (no ring)
MPRegen 0.51/turn

%: faith
@: about to teleport, strong-willed, regenerating
A: cold resistance 1, negative energy resistance 3, torment resistance 2, heat
vulnerability 1, in touch with death 1, no potions, faith
a: Renounce Religion, Trog's Hand, Brothers in Arms


You were on level 6 of the Dungeon.
You worshipped Trog.
Trog was greatly pleased with you.
You visited 1 branch of the dungeon, and saw 6 of its levels.
You also visited: Sewer.

You collected 353 gold pieces.

Inventory:

Armour
 g - a +1 ring mail of fire resistance (worn)
 h - a +0 pair of boots (worn)
 j - a +2 helmet (worn)
Jewellery
 a - an amulet of magic regeneration (around neck)
 m - an amulet of guardian spirit
Wands
 i - a wand of charming (12)
Scrolls
 c - a scroll of identify
 d - a scroll of immolation
 k - a scroll of brand weapon


   Skills:
 - Level 3.0 Fighting
 - Level 1.5 Armour
 - Level 1.5 Dodging
 + Level 9.0 Unarmed Combat


You had 7 spell levels left.
You didn't know any spells.
Your spell library was empty.

Dungeon Overview and Level Annotations

Branches:
Dungeon (6/15)              Sewer (visited)
 Temple: D:4-7

Altars:
Ashenzari
Dithmenos
Okawaru
Xom

Shops:
D:2 (   D:4 !   D:5 [

Annotations:
D:6 Prince Ribbit


Innate Abilities, Weirdness & Mutations

You are immune to poison.
Your flesh is cold resistant. (rC+)
You are immune to negative energy. (rN+++)
You are immune to unholy pain and torment.
You are vulnerable to heat. (rF-)
You are in touch with the powers of death.
You do not drink.
You have a special connection with the divine. (Faith)


Message History

Prince Ribbit is almost dead.
Prince Ribbit hits you!
You barely miss Prince Ribbit.
Prince Ribbit is almost dead.
Prince Ribbit blinks!
Your skin crawls.
You feel strong-willed.
Throw: javelin
Press: ? - help, Q - select action, (/) - cycle Shift-Dir - straight line, f - orc warrior, p - Prince Ribbit
Aim: an orc warrior, wielding a +0 hand axe and wearing a +0 chain mail (wandering, hasn't noticed you, 53% to hit)
You throw a javelin. The javelin misses Prince Ribbit.
The javelin barely misses the orc warrior.
The orc warrior shouts!
Prince Ribbit blinks!
Unknown command.
Prince Ribbit blinks!
There is an open door here.
You barely miss Prince Ribbit.
Prince Ribbit is almost dead.
Prince Ribbit hits you!
* * * LOW HITPOINT WARNING * * *
Prince Ribbit hits you!
* * * LOW HITPOINT WARNING * * *
You closely miss Prince Ribbit.
Prince Ribbit is almost dead.
Prince Ribbit misses you.
As you read the scroll of teleportation, it crumbles to dust.
You feel strangely unstable.
Prince Ribbit blinks!
Your surroundings suddenly seem different.
A steam dragon comes into view.
The steam dragon hisses angrily.
As you read the scroll of teleportation, it crumbles to dust.
You feel strangely unstable.
Okay, then.
The steam dragon bites you!
* * * LOW HITPOINT WARNING * * *
The steam dragon claws you but does no damage.
The steam dragon breathes steam at you. The ball of steam hits you!!
You die...

####### #
#.....## .####
#......#.......
###
#..........#
#.##^##
#..@§......#
#......
#....D.....#
##.....
#......#####
##...# #.....##
##.## ####.....
#.# #.##### #.#
#.. ##'## #.##
##...# #.#
##.....


You could see a steam dragon (catching breath).

Vanquished Creatures
  An ogre (D:6)
  A black bear (D:4)
  2 kobold brigands (Sewer)
  2 scorpions
  5 wights
  2 killer bees (D:6)
  A hound (D:5)
  A jelly (D:5)
  A sleepcap (D:5)
  A gnoll bouda (D:5)
  An iguana (D:5)
  Robin (D:2)
  5 adders
  9 gnolls
  7 river rats
  An ufetubus (D:6)
  2 worms
  2 dart slugs (D:4)
  13 orcs
  5 endoplasms
  2 giant cockroaches
  13 goblins
  12 hobgoblins
  22 kobolds
  13 ball pythons
  8 bats
  4 frilled lizards
  28 rats
165 creatures vanquished.

Vanquished Creatures (collateral kills)
  A killer bee (D:6)
1 creature vanquished.

Grand Total: 166 creatures vanquished

Notes
Turn   | Place    | Note
-------+----------+-------------------------------------------
     0 | D:1      | Gabide the Mummy Berserker began the quest for the Orb.
     0 | D:1      | Reached XP level 1. HP: 18/18 MP: 1/1
   419 | D:1      | Reached skill level 3 in Unarmed Combat
   419 | D:1      | Reached XP level 2. HP: 23/24 MP: 2/2
   676 | D:2      | Found Nazes's Antique Weapon Shoppe.
   737 | D:2      | Identified the +5 dagger of Defence {freeze, rN++ rCorr
                  | Dex-5 SInv Stlth+}
   796 | D:2      | Reached ** piety under Trog
   797 | D:2      | Gained mutation: You are in touch with the powers of death.
                  | [Mummy growth]
   797 | D:2      | Reached XP level 3. HP: 29/29 MP: 3/3
   936 | D:2      | Noticed Robin
   955 | D:2      | Killed Robin
  1050 | D:2      | Reached skill level 4 in Unarmed Combat
  1303 | D:2      | Reached XP level 4. HP: 35/35 MP: 4/4
  2046 | D:3      | Found a glowing drain.
  2092 | D:3      | Reached *** piety under Trog
  2103 | Sewer    | Entered a sewer
  2225 | Sewer    | Reached XP level 5. HP: 34/41 MP: 5/5
  2332 | Sewer    | Reached skill level 5 in Unarmed Combat
  2341 | Sewer    | Reached **** piety under Trog
  2667 | Sewer    | Reached XP level 6. HP: 33/47 MP: 6/6
  3073 | D:3      | Reached skill level 6 in Unarmed Combat
  3340 | D:4      | Found an iron altar of Okawaru.
  3341 | D:4      | Found a broken altar of Ashenzari.
  3342 | D:4      | Found a shadowy altar of Dithmenos.
  3365 | D:4      | Found Buat's Distillery.
  3813 | D:4      | Reached XP level 7. HP: 42/52 MP: 7/7
  3814 | D:4      | Reached ***** piety under Trog
  4077 | D:5      | Entered Level 5 of the Dungeon
  4121 | D:5      | Reached skill level 7 in Unarmed Combat
  4181 | D:5      | Identified the +6 whip "Voaho" {antimagic, Contam +Blink
                  | Will+ SInv}
  4494 | D:5      | Found a shimmering altar of Xom.
  4583 | D:5      | Found Tejys's Antique Armour Shoppe.
  5071 | D:6      | Reached skill level 8 in Unarmed Combat
  5180 | D:6      | Reached XP level 8. HP: 34/58 MP: 8/8
  5639 | D:6      | Reached skill level 9 in Unarmed Combat
  5699 | D:6      | Noticed Prince Ribbit
  6093 | D:6      | Killed from afar by a steam dragon

Illustrated notes

Levels and vault maps discovered:
D:1:      dpeg_arrival_concentric_ovals, layout_basic
D:2:      minmay_door_path, layout_basic, serial_shops, nicolae_diamond_shop,
          uniq_robin
D:3:      layout_rooms, portal_sewer_entry_c, nicolae_figureground_pulse
D:4:      layout_loops_ring, zin_treasury,
          chequers_temple_overflow_statue_of_worship, serial_shops, shop
D:5:      wander_river, layout_basic, lemuel_crystal_altar, serial_shops, shop,
          serial_glass, glass_columns_c, glass_columns_c, glass_columns_a,
          glass_columns_a, due_unseen_surprise, minmay_strange_pillars,
          feat_on_display, feat_on_display, minmay_liquid_box
D:6:      layout_loops_corners, kennysheep_mini_moat, uniq_prince_ribbit1

Skill      XL: |  1  2  3  4  5  6  7  8 |
---------------+-------------------------+-----
Unarmed Combat | 3 4 5 6 8 9 |  9.0
Fighting       | |  3.0
Armour         | |  1.5
Dodging        | |  1.5

Action                     |  1- 3 |  4- 6 |  7- 9 || total
---------------------------+-------+-------+-------++-------
  Melee: Unarmed           |   130 |   338 |   218 ||   686
         Punch             |     4 |     7 |    15 ||    26
  Throw: Javelin           |       |       |    22 ||    22
 Invoke: Trog's Hand       |     1 |     1 |     4 ||     6
         Brothers in Arms  |       |       |     1 ||     1
    Use: Scroll            |       |     8 |     8 ||    16
   Stab: Sleeping          |     1 |       |       ||     1
 Armour: Ring mail         |    48 |   185 |    82 ||   315
         Animal skin       |     3 |       |       ||     3
  Dodge: Dodged            |    66 |   218 |    98 ||   382
